 Dungeon Crawl Stone Soup version 0.32-a0-913-g739538afd8 (webtiles) character file.

Game seed: 11221583705984288468

34620 Doorstop00 the Basher (level 13, -5/83 HPs)
             Began as a Gargoyle Fighter on Apr 8, 2024.
             Was a High Priest of the Shining One.
             Slain by a sun demon (15 damage)
             ... summoned by a kobold demonologist
             ... on level 9 of the Dungeon.
             The game lasted 01:14:32 (13295 turns).

Doorstop00 the Basher (Gargoyle Fighter)           Turns: 13295, Time: 01:14:33

Health: -5/83      AC: 33    Str: 25    XL:     13   Next: 78%
Magic:  16/16      EV:  6    Int:  9    God:    the Shining One [*****.]
Gold:   825        SH: 17    Dex:  9    Spells: 12/12 levels left

rFire   . . .        s - +5 flail (protect)
rCold   + . .        C - +2 tower shield {rC+}
rNeg    + + +        y - +0 plate armour
rPois   ∞            E - +2 helmet
rElec   +            q - +1 cloak
rCorr   .            p - +0 pair of gloves
SInv    .            j - +0 pair of boots
Will    +....        e - amulet of regeneration Stlth
                     g - ring of willpower
HPRegen 1.13/turn    (no ring)
MPRegen 0.15/turn

%: no passive effects
@: glowing
A: sickness immunity, AC +9, negative energy resistance 1, electricity
resistance, torment resistance 1, petrification resistance
a: Renounce Religion, Divine Shield, Cleansing Flame, Summon Divine Warrior


You were on level 9 of the Dungeon.
You worshipped the Shining One.
The Shining One was extremely pleased with you.
You visited 3 branches of the dungeon, and saw 16 of its levels.
You also visited: Ice Cave.

You collected 825 gold pieces.

Inventory:

Hand Weapons
 s - a +5 flail of protection (weapon)
Missiles
 k - 2 javelins (quivered)
Armour
 j - a +0 pair of boots (worn)
 p - a +0 pair of gloves (worn)
 q - a +1 cloak (worn)
 y - a +0 plate armour (worn)
 C - a +2 tower shield of cold resistance (worn)
 E - a +2 helmet (worn)
Jewellery
 e - an amulet of regeneration (around neck)
 g - a ring of willpower (left hand)
Wands
 b - a wand of mindburst (9)
 l - a wand of paralysis (1)
 r - a wand of flame (54)
 B - a wand of warping (6)
Scrolls
 f - 2 scrolls of enchant weapon
 i - 3 scrolls of teleportation
 m - 3 scrolls of enchant armour
 o - a scroll of blinking {unknown}
 t - a scroll of brand weapon
 v - a scroll of fear
 x - 3 scrolls of poison {unknown}
 z - 2 scrolls of amnesia {unknown}
 A - 2 scrolls of revelation
 F - 2 scrolls of fog
Potions
 a - 4 potions of resistance
 c - a potion of ambrosia
 d - 2 potions of lignification
 h - 2 potions of brilliance
 n - 4 potions of enlightenment
 u - a potion of haste
 w - 2 potions of heal wounds {unknown}
 D - 2 potions of might
 G - a potion of attraction


   Skills:
 * Level 10.5 Fighting
 * Level 13.8 Maces & Flails
 - Level 0.2 Throwing
 * Level 10.5 Armour
 * Level 6.3 Dodging
 * Level 12.1 Shields
 * Level 4.0 Invocations
 * Level 3.3 Evocations


You had 12 spell levels left.
You didn't know any spells.
Your spell library contained the following spells:

 Spells                   Type           Power      Damage    Failure   Level
 Jinxbite                 Hex            0%         N/A       100%        2
 Ignite Poison            Fire/Alch      0%         N/A       100%        4
 Passage of Golubria      Tloc           0%         N/A       100%        4
 Petrify                  Alch/Erth      0%         N/A       100%        4
 Sticky Flame             Fire/Alch      0%         2d4       100%        4
 Irradiate                Conj/Alch      0%         3d11      100%        5
 Silence                  Hex/Air        0%         N/A       100%        5
 Summon Forest            Summ/Tloc      0%         N/A       100%        5
 Yara's Violent Unravell  Hex/Alch       0%         3d3       100%        5
 Eringya's Noxious Bog    Alch           0%         4d6       100%        6
 Enfeeble                 Hex            0%         N/A       100%        7
 Summon Hydra             Summ           0%         N/A       100%        7
 Ignition                 Fire           0%         3d3       100%        8
 Lehudib's Crystal Spear  Conj/Erth      0%         10d2      100%        8
 Sublimation of Blood     Necr           Unusable   N/A       N/A         2

Dungeon Overview and Level Annotations

Branches:
Dungeon (10/15)            Temple (1/1) D:5            Lair (5/5) D:9
 Shoals (0/4) Lair:2        Snake (0/4) Lair:3        Slime (0/5) Lair:5
  IceCv (visited)
    Orc: D:9-12

Altars:
Ashenzari
Cheibriados
Dithmenos
Elyvilon
Fedhas
Gozag
Kikubaaqudgha
Nemelex Xobeh
Qazlal
Ru
Trog
Uskayaw
Vehumet
Wu Jian
Zin
The Shining One
Beogh
Jiyva

Shops:
D:4 [

Annotations:
D:3 3 runed translucent doors, Fractals's ghost, amateur HuWn
D:5 1 runed translucent door, Crazy Yiuf
D:8 Jeremiah
Lair:1 3 runed translucent doors, PriceMaster's ghost, journeyman SpEE
Lair:5 2 transporters, NotBatman's ghost, journeyman MiBe


Innate Abilities, Weirdness & Mutations

You are immune to sickness and miasma.
Your stone body is resilient. (AC +9)
You are immune to poison.
You resist negative energy. (rN+)
You are resistant to electric shocks. (rElec)
You are resistant to unholy torment.
You are immune to petrification.


Message History

You closely miss the sun demon.
The sun demon is lightly wounded.
The sun demon disappears in a puff of smoke!
The kobold demonologist gestures wildly while chanting.
You hit the crimson imp.
The crimson imp is heavily wounded.
You sock the crimson imp!
You kill the crimson imp!
The crimson imp disappears in a puff of smoke!
You sock the sun demon!
The sun demon is moderately wounded.
The sun demon hits you but does no damage.
The kobold demonologist casts a spell.
The sun demon hits you.
You are engulfed in flames!
The sun demon attacks as it pursues you!
You block the sun demon's attack.
The kobold demonologist casts a spell.
The smoke demon gestures at you.
The ball of steam hits the sun demon.
The sun demon resists.
The ball of steam hits you but does no damage.
You are engulfed in a cloud of scalding steam.
You block the sun demon's attack.
The sun demon attacks as it pursues you!
The sun demon hits you.
You are engulfed in flames!
The sun demon attacks as it pursues you!
You block the sun demon's attack.
Items here: ) [ ÷÷÷.
Things that are here:
a +1 vampiric falchion; an orc skeleton; a howler monkey skeleton The sun demon attacks as it pursues you!
The sun demon hits you but does no damage.
The sun demon attacks as it pursues you!
The sun demon hits you!
You are engulfed in flames!!
* * * LOW HITPOINT WARNING * * *
You see here a +0 dagger.
The sun demon attacks as it pursues you!
The sun demon hits you!
* * * LOW HITPOINT WARNING * * *
You are engulfed in flames!
You die...

#''''#############...#≈~....#....
.................#...#≈~....#....
~..))~~~~~~≈~≈≈~~#####≈≈....#....
~....≈≈≈~≈~≈≈≈≈≈≈≈≈≈≈≈≈~....#....
~....~~~≈~~~~~~≈~~≈~~~~~....#..##
......................P.....#..#.
.[))....[.......[..............+.
.{...................#####'##..#.
.).##'#######..3@.<.[#......#..#.
..3# ... #........#......#..#.
...# ..... #)#####.['......#..##
...# ...... #[#...#..#......#....
...##########.÷...#..########....
..54.K3.§3.§3.#...#...........###
...5####§§§...#'###.........
##### #..§..............###
#.....###.........+


You could see a sun demon (summoned).

Vanquished Creatures
  2 hydras
  6 death yaks
  4 two-headed ogres
  Sonja (Lair:4)
  2 skysharks
  3 harpies (Lair:2)
  14 elephants
  2 black mambas
  2 kobold demonologists (D:9)
  9 cane toads
  4 rime drakes
  8 komodo dragons
  Psyche (D:8)
  An ice devil (IceCv)
  A troll (D:9)
  2 hornets
  12 blink frogs
  A shadow (D:9)
  23 yaks
  2 wyverns
  A death yak simulacrum (IceCv)
  3 basilisks
  A naga (Lair:3)
  Edmund (D:5)
  An acid dragon (D:8)
  12 water moccasins
  Duvessa (D:4)
  5 orc warriors
  A sky beast (D:8)
  An ice beast (D:6)
  An ogre (D:6)
  3 black bears
  3 kobold brigands
  7 bullfrogs
  2 gnoll sergeants (D:9)
  A scorpion (D:5)
  2 two-headed ogre simulacra (IceCv)
  2 cane toad simulacra
  Dowan (D:4)
  An elephant simulacrum (Lair:1)
  An electric eel (Lair:2)
  4 howler monkeys (D:9)
  3 bombardier beetles
  7 jellies
  9 orc priests
  4 hounds
  2 gnoll boudas
  2 iguanas
  9 orc wizards
  2 troll simulacra (IceCv)
  2 polar bear simulacra
  6 spriggan simulacra (IceCv)
  2 wolf simulacra (IceCv)
  3 gnolls (D:5)
  9 adders
  A naga simulacrum (IceCv)
  4 river rats (D:4)
  A shadow imp (D:8)
  5 white imps (IceCv)
  8 ufetubi
  3 ribbon worms
  4 dart slugs
  33 orcs
  9 ball pythons
  9 endoplasms
  10 giant cockroaches
  14 goblins
  8 hobgoblins
  4 jackals (D:2)
  4 quokkas
  7 bats
  2 frilled lizards (D:1)
  8 kobolds
  7 rats
  A butterfly (Lair:2)
357 creatures vanquished.

Notes
Turn   | Place    | Note
-------+----------+-------------------------------------------
     0 | D:1      | Doorstop00 the Gargoyle Fighter began the quest for the
                  | Orb.
     0 | D:1      | Reached XP level 1. HP: 14/14 MP: 1/1
   167 | D:1      | Reached XP level 2. HP: 17/19 MP: 2/2
   321 | D:1      | Found a roughly hewn altar of Beogh.
   334 | D:1      | Reached XP level 3. HP: 23/23 MP: 3/3
   387 | D:1      | Found a faded altar of an unknown god.
  1169 | D:1      | Reached XP level 4. HP: 22/29 MP: 4/4
  1235 | D:2      | Reached skill level 3 in Maces & Flails
  1364 | D:2      | Reached skill level 1 in Dodging
  1497 | D:2      | Reached XP level 5. HP: 31/33 MP: 5/5
  1893 | D:3      | Found a runed translucent gate.
  1893 | D:3      | Noticed Fractals's ghost (amateur HuWn)
  1901 | D:3      | Found a runed translucent gate.
  1901 | D:3      | Identified the +8 dagger of a volcano {vamp, rElec rF-
                  | Will- rCorr}
  1902 | D:3      | Found a runed translucent gate.
  2120 | D:3      | Found a radiant altar of Vehumet.
  2460 | D:3      | Found a roughly hewn altar of Beogh.
  2506 | D:4      | Noticed Duvessa
  2506 | D:4      | Noticed Dowan
  2517 | D:4      | Killed Duvessa
  2518 | D:4      | Reached skill level 4 in Maces & Flails
  2518 | D:4      | Reached XP level 6. HP: 13/38 MP: 6/6
  2541 | D:4      | Killed Dowan
  2593 | D:4      | Found Aczontugh's Antique Armour Boutique.
  2801 | D:4      | Noticed a black bear
  2809 | D:4      | Killed a black bear
  2810 | D:4      | Reached XP level 7. HP: 40/44 MP: 7/7
  2918 | D:4      | Found a bloodstained altar of Trog.
  3059 | D:4      | Reached skill level 5 in Maces & Flails
  3059 | D:4      | Reached skill level 5 in Armour
  3447 | D:5      | Entered Level 5 of the Dungeon
  3600 | D:5      | Noticed Edmund
  3620 | D:5      | Killed Edmund
  3647 | D:5      | Found a staircase to the Ecumenical Temple.
  3661 | Temple   | Entered the Ecumenical Temple
  3860 | Temple   | Became a worshipper of the Shining One
  3956 | D:5      | Reached XP level 8. HP: 48/48 MP: 8/8
  3994 | D:5      | Reached skill level 5 in Shields
  4211 | D:5      | Reached skill level 6 in Maces & Flails
  4227 | D:5      | Reached skill level 5 in Fighting
  4314 | D:5      | Found a runed translucent door.
  4315 | D:5      | Noticed Crazy Yiuf
  4828 | D:6      | Found an opulent altar of Gozag.
  5145 | D:7      | Reached skill level 7 in Maces & Flails
  5409 | D:7      | Reached XP level 9. HP: 48/54 MP: 9/9
  5593 | D:7      | Noticed a hornet
  5596 | D:7      | Killed a hornet
  5665 | D:7      | Found a blossoming altar of Fedhas.
  5941 | D:8      | Reached skill level 8 in Maces & Flails
  5998 | D:8      | You fall into a shaft and drop 1 floor!
  6014 | D:8      | Noticed a two-headed ogre
  6033 | D:8      | Noticed Psyche
  6035 | D:8      | Killed a two-headed ogre
  6062 | D:8      | Killed Psyche
  6063 | D:8      | Reached skill level 9 in Maces & Flails
  6155 | D:8      | Reached XP level 10. HP: 61/61 MP: 10/10
  6404 | D:8      | Noticed Jeremiah
  6692 | D:9      | Reached * piety under the Shining One
  6725 | D:9      | Noticed a kobold demonologist
  6734 | D:9      | Noticed a sixfirhy
  6737 | D:9      | Noticed an orange demon
  6739 | D:9      | Noticed a smoke demon
  6743 | D:9      | Killed a kobold demonologist
  6744 | D:9      | Reached skill level 10 in Maces & Flails
  6750 | D:9      | Found a staircase to the Lair.
  6760 | D:9      | Noticed a two-headed ogre
  6980 | D:8      | Killed a two-headed ogre
  7041 | D:9      | Noticed a two-headed ogre
  7049 | D:9      | Killed a two-headed ogre
  7081 | D:9      | Noticed a two-headed ogre
  7105 | D:9      | Killed a two-headed ogre
  7106 | D:9      | Reached skill level 11 in Maces & Flails
  7106 | D:9      | Reached XP level 11. HP: 44/68 MP: 11/11
  7233 | Lair:1   | Entered Level 1 of the Lair of Beasts
  7429 | Lair:1   | Found a runed translucent gate.
  7429 | Lair:1   | Found a runed translucent gate.
  7429 | Lair:1   | Found a runed translucent gate.
  7431 | Lair:1   | Noticed a nine-headed hydra
  7431 | Lair:1   | Noticed PriceMaster's ghost (journeyman SpEE)
  7435 | Lair:1   | Found a frozen archway.
  7453 | Lair:1   | Reached ** piety under the Shining One
  7547 | IceCv    | Entered an ice cave
  7772 | IceCv    | Reached *** piety under the Shining One
  8177 | Lair:1   | Noticed a skyshark
  8190 | Lair:1   | Killed a skyshark
  8442 | Lair:1   | Reached **** piety under the Shining One
  8693 | Lair:2   | Noticed a six-headed hydra
  8715 | Lair:1   | Killed a six-headed hydra
  8716 | Lair:1   | Reached skill level 5 in Dodging
  8837 | Lair:2   | Reached skill level 12 in Maces & Flails
  8989 | Lair:2   | Reached XP level 12. HP: 54/76 MP: 12/12
  9186 | Lair:2   | Found a staircase to the Shoals.
  9751 | Lair:3   | Found a staircase to the Snake Pit.
  9897 | Lair:3   | You fall into a shaft and drop 2 floors!
  9897 | Lair:5   | Entered Level 5 of the Lair of Beasts
  9897 | Lair:5   | Found a broken altar of Ashenzari.
  9910 | Lair:5   | Reached skill level 10 in Shields
  9910 | Lair:5   | Reached skill level 1 in Invocations
  9910 | Lair:5   | Reached skill level 1 in Evocations
 10098 | Lair:3   | Reached skill level 10 in Armour
 10285 | Lair:3   | Reached skill level 13 in Maces & Flails
 10836 | Lair:4   | Noticed Sonja
 10876 | Lair:4   | Killed Sonja
 10877 | Lair:4   | Reached XP level 13. HP: 81/81 MP: 14/14
 11235 | Lair:4   | Reached skill level 10 in Fighting
 11883 | Lair:5   | Found a viscous altar of Jiyva.
 11883 | Lair:5   | Found a staircase to the Slime Pits.
 12036 | Lair:5   | HP: 1/82 [death yak (16)]
 12273 | Lair:5   | Reached ***** piety under the Shining One
 12321 | Lair:5   | Noticed NotBatman's ghost (journeyman MiBe)
 12394 | Lair:5   | Found a bloodstained altar of Trog.
 12486 | Lair:5   | Found a transporter.
 12490 | Lair:5   | Found a transporter.
 12856 | Lair:5   | Noticed a dire elephant
 12856 | Lair:5   | Noticed a dire elephant
 12856 | Lair:5   | Noticed a dire elephant
 12856 | Lair:5   | Noticed a dire elephant
 12894 | Lair:5   | Noticed a dire elephant
 13123 | D:10     | Entered Level 10 of the Dungeon
 13295 | D:9      | Slain by a sun demon

Illustrated notes

Levels and vault maps discovered:
D:1:      shiori_arrival_maze, layout_loops_ring,
          hellmonk_ecumenical_altar_defaced_shrine,
          nicolae_kite_square_tiling_tiny
D:2:      cheibrodos_helix_gallery, layout_basic, minmay_pentomino_s4
D:3:      layout_basic, lemuel_tele_altar, biasface_ghost_orc_armoury,
          minivault_24, minmay_misc_feat_columns
D:4:      layout_loops_ring, nicolae_overflow_hidden_temple,
          lightli_sewer_entry_pipes, serial_glass, glass_columns_c,
          glass_columns_a, minmay_strange_pillars, item_on_display_a,
          serial_shops, nicolae_shop_tiny_statue_garden, st_stairs_14,
          minmay_fractal_squares_gapless_5, uniq_duvessa
D:5:      layout_loops_ring, minmay_temple_entry_hall, uniq_edmund,
          uniq_crazy_yiuf_cottage
D:6:      layout_rooms, nicolae_gozag_seed_capital
D:7:      layout_gridville, fedhas_altar_1
D:8:      layout_basic, uniq_psyche, uniq_joseph, uniq_jeremiah
D:9:      lemuel_castle_with_subvaults [lemuel_castle_interior_carwin_1],
          layout_irregular_city, minmay_overflow_temple_star_hex,
          dpeg_oklobed_lair, serial_rivers, chequers_serial_rivers_marsh,
          chequers_serial_rivers_small_3, chequers_serial_rivers_micro_c,
          chequers_serial_rivers_micro_a
D:10:     layout_stronghold, lemuel_crystal_altar, roderic_st_hans_cross,
          minmay_radiant
Temple:   hc_temple_tempest_star
Lair:1:   layout_regular_city, portal_ice_cave_entry_ice_simulacra,
          nicolae_volcano_entry_two_sided, gammafunk_ghost_hydra_chop
Lair:2:   layout_loops_ring, nicolae_shoals_entry_roost, serial_bayou_shore_a,
          lemuel_fruit_fields
Lair:3:   layout_regular_city, guppyfry_snake_entry_island,
          infiniplex_staircase_pool_2
Lair:4:   beast_lair_carwin_large_3, layout_regular_city, grunt_megastairs_2,
          uniq_sonja
Lair:5:   due_jungle_book, layout_regular_city, nicolae_slime_entry_slimehenge,
          gammafunk_ghost_wrathful_warriors, basic_altar, serial_bayou_shore_b

Skill      XL: |  1  2  3  4  5  6  7  8  9 10 11 12 13 |
---------------+----------------------------------------+-----
Armour         | 4 5 6 7 8 9 10 | 10.5
Maces & Flails | 3 4 5 7 9 11 12 13 | 13.8
Dodging        | 1 2 3 4 5 6 |  6.3
Fighting       | 4 5 6 8 9 10 | 10.5
Shields        | 4 5 6 7 8 10 12 | 12.1
Invocations    | 2 4 |  4.0
Evocations     | 2 3 |  3.3
Throwing       | |  0.2

Action                     |  1- 3 |  4- 6 |  7- 9 | 10-12 | 13-15 || total
---------------------------+-------+-------+-------+-------+-------++-------
  Melee: Flail             |   152 |   131 |   210 |   745 |   393 ||  1631
         Mace              |       |    56 |   133 |       |       ||   189
  Throw: Javelin           |       |       |     4 |     2 |       ||     6
    Use: Scroll            |     4 |       |     4 |    10 |     2 ||    20
         Potion            |       |     1 |       |     2 |       ||     3
 Armour: Scale mail        |   153 |    92 |       |       |       ||   245
         Chain mail        |       |    66 |   276 |       |       ||   342
         Plate armour      |       |       |    28 |   655 |   251 ||   934
         Skin              |       |       |    11 |       |       ||    11
  Dodge: Dodged            |    67 |   104 |   107 |   174 |    62 ||   514
  Block: Buckler           |    39 |    57 |    83 |    84 |       ||   263
         Tower shield      |       |       |       |   485 |   385 ||   870

Table legend: (Time is in decaauts)
 A = Elapsed time spent in this place.
 B = Non-inter-level travel time spent in this place.
 C = Inter-level travel time spent in this place.
 D = Time resting spent in this place.
 E = Time spent auto-exploring this place.
 F = Levels seen in this place.
 G = Mean time per level.
                   A        B        C        D        E       F      G
               +--------+--------+--------+--------+--------+-----+--------+
         Total |  13454 |  13069 |    385 |    605 |   5998 |  17 |  791.4 |
       Dungeon |   7379 |   7079 |    300 |    373 |   3481 |  10 |  737.9 |
        Temple |    211 |    199 |     12 |      0 |      0 |   1 |  211.0 |
          Lair |   5313 |   5240 |     73 |    167 |   2517 |   5 | 1062.6 |
      Ice Cave |    550 |    550 |      0 |     65 |      0 |   1 |  550.0 |
               +--------+--------+--------+--------+--------+-----+--------+

Top non-repeatable levels by time:
     D:1: 1190 daAuts
  Lair:5: 1128 daAuts
  Lair:2: 1116 daAuts
  Lair:4: 1109 daAuts
     D:4: 1024 daAuts
  Lair:1: 980 daAuts
  Lair:3: 978 daAuts
     D:5: 964 daAuts
     D:8: 925 daAuts
     D:7: 816 daAuts
     D:2: 722 daAuts
     D:3: 681 daAuts
   IceCv: 550 daAuts
     D:6: 524 daAuts
     D:9: 507 daAuts
